 Dungeon Crawl Stone Soup version 0.26-a0-519-gb2f46efeda (webtiles) character file.

Game seed: 16153196839751334613

86 Morbidden the Shield-Bearer (level 4, -11/42 HPs)
             Began as a Deep Dwarf Fighter on Aug 11, 2020.
             Blown up by Ijyb (26 damage)
             ... with a disintegration bolt
             ... on level 3 of the Dungeon.
             The game lasted 00:03:22 (1893 turns).

Morbidden the Shield-Bearer (Deep Dwarf Fighter)    Turns: 1893, Time: 00:03:23

Health: -11/42     AC: 16    Str: 27    XL:     4   Next: 27%
Magic:  5/5        EV:  5    Int:  8    God:
Gold:   75         SH: 10    Dex: 12    Spells: 4/4 levels left

rFire    . . .     SeeInvis .   a - +0 war axe
rCold    . . .     Faith    .   c - +0 kite shield
rNeg     . . .     Spirit   .   n - +0 plate armour
rPois    .         Reflect  .   e - +0 helmet
rElec    .         Harm     .   (no cloak)
rCorr    .                      (no gloves)
MR       .....                  (no boots)
Stlth    ..........             (no amulet)
HPRegen  0.00/turn              t - +4 ring of protection
MPRegen  0.09/turn              r - +6 ring of strength

@: mighty, non-regenerating
A: damage resistance, heal wounds, sense surroundings 1, no regeneration
a: Heal Wounds


You were on level 3 of the Dungeon.
You visited 1 branch of the dungeon, and saw 3 of its levels.

You collected 75 gold pieces.

Inventory:

Hand Weapons
 a - a +0 war axe (weapon)
 p - a +0 morningstar
Missiles
 o - 5 boomerangs (quivered)
Armour
 c - a +0 kite shield (worn)
 e - a +0 helmet (worn)
 n - a +0 plate armour (worn)
Jewellery
 f - an uncursed ring of resist corrosion
 g - an uncursed ring of positive energy
 r - a +6 ring of strength (right hand)
 t - a +4 ring of protection (left hand)
Scrolls
 b - a scroll of enchant armour {unknown}
 i - a scroll of remove curse
 k - a scroll of amnesia
 m - 2 scrolls of identify {unknown}
 s - a scroll of enchant weapon {unknown}
Potions
 d - a potion of might
 h - a potion of curing {unknown}
 l - 2 potions of heal wounds {unknown}
 q - a potion of flight {unknown}


   Skills:
 * Level 3.1 Fighting
 + Level 3.2 Axes
 + Level 3.5 Armour
 + Level 0.8 Dodging
 + Level 4.0 Shields
 * Level 0.8 Spellcasting


You had 4 spell levels left.
You didn't know any spells.
Your spell library was empty.

Dungeon Overview and Level Annotations

Branches:
Dungeon (3/15)

Altars:
Wu Jian

Annotations:
D:3 Ijyb


Innate Abilities, Weirdness & Mutations

You are resistant to damage.
You can heal yourself by infusing magical energy.
You passively map a small area around you.
You do not regenerate.


Message History

The ball python bites you but does no damage.
You block the ball python's attack.
The ball python bites you but does no damage.
The ball python grabs you. The ball python constricts you.
You closely miss the ball python. You block the ball python's attack.
The ball python constricts you.
You slash the ball python!
You kill the ball python!
You closely miss the hobgoblin. The hobgoblin closely misses you.
You miss something.
Your shield and plate armour prevent you from hitting something.
You hear a zap.
You are blasted!
Something hits you but does no damage.
Unknown command.
You barely miss something. Something hits you but does no damage.
You slash something! Something hits you but does no damage.
You hear a zap.
You are blasted!
Ouch! That really hurt!
You die...

* * ,, * , , * **, ##,##
, , * , , ,,.#. , , , ,,
, ##.## *# , ,* * *#...#
.##. * * #...# .(... *
####..<#### *
.....g########.........#
,*
*#..l{@...............#
* ###.########.........#
* # * ####...#### * ***
, ,* #...# * , #...# * *
##### * , , , ,*


You could see a hobgoblin and a frilled lizard.

Vanquished Creatures
  2 adders
  A worm (D:2)
  5 dart slugs
  A leopard gecko (D:1)
  3 orcs (D:2)
  4 bats
  5 giant cockroaches
  6 hobgoblins
  4 kobolds
  2 ball pythons
  5 frilled lizards
  6 goblins
  9 rats
53 creatures vanquished.

Notes
Turn   | Place    | Note
-------+----------+-------------------------------------------
     0 | D:1      | Morbidden the Deep Dwarf Fighter began the quest for the
                  | Orb.
     0 | D:1      | Reached XP level 1. HP: 20/20 MP: 1/1
   122 | D:1      | Reached XP level 2. HP: 27/27 MP: 2/2
   593 | D:1      | Reached XP level 3. HP: 30/33 MP: 3/3
  1199 | D:2      | Reached XP level 4. HP: 36/42 MP: 3/5
  1410 | D:2      | Reached skill level 4 in Shields
  1636 | D:2      | Found an ornate altar of the Wu Jian Council.
  1871 | D:3      | Noticed Ijyb
  1893 | D:3      | Blown up by Ijyb

Illustrated notes

Levels and vault maps discovered:
D:1:      dpeg_arrival_water_fire, layout_loops_ring
D:2:      layout_basic, lemuel_crystal_altar, grunt_ministairs_12
D:3:      layout_loops_ring, chequers_ecumenical_altar_simple, uniq_jessica,
          uniq_ijyb

Skill      XL: |  1  2  3  4 |
---------------+-------------+-----
Fighting       | 3 |  3.1
Axes           | 3 |  3.2
Shields        | 4 |  4.0
Armour         | |  3.5
Dodging        | |  0.8
Spellcasting   | |  0.8

Action                   |  1- 3 |  4- 6 || total
-------------------------+-------+-------++-------
Melee: War axe           |   101 |    35 ||   136
Throw: Javelin           |       |     3 ||     3
       Boomerang         |       |     3 ||     3
  Use: Scroll            |       |     2 ||     2
       Potion            |       |     1 ||     1
Armor: Scale mail        |    37 |       ||    37
       Plate armour      |    13 |    26 ||    39
Dodge: Dodged            |    16 |     9 ||    25
Block: Kite shield       |    54 |    16 ||    70

Table legend: (Time is in decaauts)
 A = Elapsed time spent in this place.
 B = Non-inter-level travel time spent in this place.
 C = Inter-level travel time spent in this place.
 D = Time resting spent in this place.
 E = Time spent auto-exploring this place.
 F = Levels seen in this place.
 G = Mean time per level.
                   A        B        C        D        E       F      G
               +--------+--------+--------+--------+--------+-----+--------+
         Total |   1956 |   1888 |     68 |      0 |   1468 |   3 |  652.0 |
       Dungeon |   1956 |   1888 |     68 |      0 |   1468 |   3 |  652.0 |
               +--------+--------+--------+--------+--------+-----+--------+

Top non-repeatable levels by time:
     D:2: 970 daAuts
     D:1: 937 daAuts
     D:3: 48 daAuts
